 Dungeon Crawl Stone Soup version 0.30-a0-354-g6b83867211 (webtiles) character file.

Game seed: 13399329720975804649

497 jfcaron the Cudgeller (level 6, -1/55 HPs)
             Began as an Armataur Reaver on Nov 8, 2022.
             Slain by a gnoll sergeant
             ... wielding a +0 spear
              (7 damage)
             ... on level 5 of the Dungeon.
             The game lasted 00:05:55 (3103 turns).

jfcaron the Cudgeller (Armataur Reaver)             Turns: 3103, Time: 00:05:56

Health: -1/55      AC:  5    Str: 19    XL:     6   Next: 93%
Magic:  18/18      EV:  9    Int: 13    God:
Gold:   126        SH:  0    Dex:  9    Spells: 6/9 levels left

rFire   + . .      SeeInvis .    k - +0 whip "Uwerecs" {elec, rF+}
rCold   + + .      Faith    .    (no shield)
rNeg    . . .      Spirit   .    l - +0 leather armour of Ufenaun {rPois rC+ Regen+}
rPois   +          Reflect  .    (no helmet)
rElec   .          Harm     .    (no cloak)
rCorr   .          Roll     +    (no gloves)
Will    .....                    (no barding)
Stlth   +.........               c - amulet of the acrobat
HPRegen 1.09/turn                f - ring of magical power
MPRegen 0.16/turn                i - ring of protection from cold

@: no status effects
A: large, rugged brown scales 3, deformed body, armoured tail, roll, long
tongue, awkward tongue
a: no special abilities


You were on level 5 of the Dungeon.
You visited 1 branch of the dungeon, and saw 5 of its levels.

You collected 126 gold pieces.

Inventory:

Hand Weapons
 a - a +1 mace
 b - a +0 flail
 k - the +0 whip "Uwerecs" (weapon) {elec, rF+}
   (You found it on level 2 of the Dungeon)

   It occasionally discharges a powerful burst of electricity upon striking a
   foe.
   rF:        It protects you from fire.
Missiles
 e - 20 stones
 j - 2 poisoned darts
 m - a throwing net {!f}
Armour
 l - the +0 leather armour of Ufenaun (worn) {rPois rC+ Regen+}
   (You found it on level 5 of the Dungeon)

   rC:        It protects you from cold.
   rPois:     It protects you from poison.
   Regen:     It increases your rate of health regeneration.
Jewellery
 c - an amulet of the acrobat (around neck)
 f - a ring of magical power (left hand)
 i - a ring of protection from cold (right hand)
 n - an amulet of reflection
Wands
 g - a wand of flame (5)
Scrolls
 p - 2 scrolls of teleportation
 q - a scroll of enchant armour
Potions
 h - a potion of haste {unknown}
 o - a potion of mutation
 r - a potion of invisibility
 s - 2 potions of brilliance
 t - a potion of ambrosia {unknown}
 v - a potion of lignification {unknown}


   Skills:
 + Level 3.8 Fighting
 + Level 4.4 Maces & Flails
 + Level 4.3 Armour
 - Level 2.0 Dodging
 - Level 2.0 Spellcasting
 - Level 3.0 Conjurations
 + Level 1.0 Translocations


You had 6 spell levels left.
You knew the following spells:

 Your Spells              Type           Power      Damage    Failure   Level
a - Kiss of Death         Conj/Necr      20%        2d7       16%         1
b - Momentum Strike       Conj/Tloc      12%        3d8       19%         2

Your spell library contained the following spells:

 Spells                   Type           Power      Damage    Failure   Level
 Beastly Appendage        Tmut           2%         N/A       28%         1
 Hailstorm                Conj/Ice       5%         3d4       43%         3
 Kindle Blastsparks       Fire/Tloc/Air  4%         2d10      58%         3
 Ignite Poison            Fire/Tmut/Pois 1%         N/A       65%         3
 Freezing Cloud           Conj/Ice/Air   1%         6-21      99%         5
 Alistair's Intoxication  Tmut/Pois      0%         N/A       100%        5
 Borgnjor's Vile Clutch   Necr/Erth      0%         N/A       100%        5
 Eringya's Noxious Bog    Tmut/Pois      0%         N/A       100%        6


Dungeon Overview and Level Annotations

Branches:
Dungeon (5/15)
 Temple: D:4-7

Altars:


Innate Abilities, Weirdness & Mutations

You are completely covered in rugged brown scales. (AC +3, +7% HP)
Armour fits poorly on your strangely shaped body.
You have a long armoured tail.
You roll when moving toward enemies. (Rampage)
Your long tongue fully drains potion bottles. (2x potion effects)
Your tongue gives you trouble enunciating. (1.5x scroll delay)


Message History

The ogre is lightly wounded.
You hit the ogre.
The ogre is moderately wounded.
The ogre hits you with a +0 giant club.
You hit the ogre.
The ogre is heavily wounded.
The ogre barely misses you.
You hit the ogre.
The ogre is heavily wounded.
A gnoll sergeant comes into view. It is wielding a +0 spear.
You barely miss the ogre.
The ogre is heavily wounded.
The ogre hits you with a +0 giant club!!
You hit the ogre. Lightning courses through the ogre!!
You kill the ogre!
You hit the gnoll.
The gnoll is lightly wounded.
The gnoll hits you with a +0 flail.
You hit the gnoll. Lightning courses through the gnoll!
You kill the gnoll!
You hit the gnoll. Lightning courses through the gnoll!
You kill the gnoll!
Your Translocations skill increases to level 1!
You roll towards the gnoll!
You hit the gnoll.
The gnoll is lightly wounded.
You hit the gnoll. You tail-slap the gnoll.
The gnoll is heavily wounded.
The gnoll barely misses you.
The gnoll sergeant hits you from afar with a +0 spear!
You hit the gnoll but do no damage.
The gnoll is heavily wounded.
The gnoll hits you but does no damage.
The gnoll sergeant hits you from afar with a +0 spear!
* * * LOW HITPOINT WARNING * * *
You barely miss the gnoll.
The gnoll is heavily wounded.
The gnoll hits you with a +0 spear!
* * * LOW HITPOINT WARNING * * *
The gnoll sergeant hits you from afar with a +0 spear!
You die...

#.##.. #..... ####.#
#..# #.## ####### #.#
##. #.....###### #.#
.....###.# #......#
#[# #..Sgg@.# #.###..#
#†#
#######.###...#<.###.#
#.....#........#
####>.###..#####
#.......# ##.....##
#######


You could see a gnoll sergeant, a gnoll and an adder.

Vanquished Creatures
  An ogre (D:5)
  A phantom (D:4)
  A scorpion (D:4)
  A hound (D:4)
  An orc wizard (D:4)
  7 gnolls
  9 adders
  An ufetubus (D:4)
  A worm (D:3)
  3 dart slugs
  3 orcs (D:4)
  7 endoplasms
  5 giant cockroaches
  3 goblins
  7 hobgoblins
  A kobold (D:1)
  6 ball pythons
  5 bats
  3 frilled lizards
  3 rats
  3 fungi (D:3)
72 creatures vanquished.

Notes
Turn   | Place    | Note
-------+----------+-------------------------------------------
     0 | D:1      | jfcaron the Armataur Reaver began the quest for the Orb.
     0 | D:1      | Reached XP level 1. HP: 18/18 MP: 3/3
   232 | D:1      | Reached XP level 2. HP: 25/25 MP: 4/4
   303 | D:1      | Reached skill level 1 in Armour
   408 | D:1      | Reached XP level 3. HP: 31/31 MP: 6/6
   898 | D:2      | Identified the +0 whip "Uwerecs" {elec, rF+}
  1185 | D:3      | Reached XP level 4. HP: 37/38 MP: 7/7
  1303 | D:3      | Found a faded altar of an unknown god.
  1306 | D:3      | Got Plato's Teachings on Shapes
  1863 | D:4      | Reached XP level 5. HP: 43/47 MP: 8/8
  2349 | D:3      | Reached XP level 6. HP: 13/54 MP: 9/9
  2911 | D:5      | Entered Level 5 of the Dungeon
  3041 | D:5      | Identified the +0 leather armour of Ufenaun {rPois rC+
                  | Regen+}
  3069 | D:5      | Learned a level 2 spell: Momentum Strike
  3099 | D:5      | Reached skill level 1 in Translocations
  3103 | D:5      | HP: 6/55 [gnoll/+0 spear[a gnoll sergeant] (7)]
  3103 | D:5      | Slain by a gnoll sergeant

Illustrated notes

Levels and vault maps discovered:
D:1:      lemuel_arrival_lava_pool, layout_loops_ring, minmay_hexomino_f4
D:2:      layout_rooms
D:3:      layout_loops_ring, shapermc_ecumenical_altar_rom_forum, minivault_26
D:4:      layout_rooms, minmay_misc_feat_diagonals
D:5:      cheibrodos_fzero, layout_loops_cross

Skill      XL: |  1  2  3  4  5  6 |
---------------+-------------------+-----
Fighting       | 2 3 |  3.8
Armour         | 1 2 3 4 |  4.3
Spellcasting   | 2 |  2.0
Maces & Flails | 3 4 |  4.4
Conjurations   | 3 |  3.0
Dodging        | 2 |  2.0
Translocations | 1 |  1.0

Action                   |  1- 3 |  4- 6 || total
-------------------------+-------+-------++-------
Melee: Mace              |    82 |       ||    82
       Tailslap          |     5 |    19 ||    24
       Whip              |     8 |   164 ||   172
       Punch             |       |     2 ||     2
  Use: Scroll            |       |    10 ||    10
Armor: Leather armour    |     2 |     1 ||     3
       Ring mail         |    35 |    53 ||    88
Dodge: Dodged            |    43 |    96 ||   139

Table legend: (Time is in decaauts)
 A = Elapsed time spent in this place.
 B = Non-inter-level travel time spent in this place.
 C = Inter-level travel time spent in this place.
 D = Time resting spent in this place.
 E = Time spent auto-exploring this place.
 F = Levels seen in this place.
 G = Mean time per level.
                   A        B        C        D        E       F      G
               +--------+--------+--------+--------+--------+-----+--------+
         Total |   3114 |   2946 |    168 |    457 |   1933 |   5 |  622.8 |
       Dungeon |   3114 |   2946 |    168 |    457 |   1933 |   5 |  622.8 |
               +--------+--------+--------+--------+--------+-----+--------+

Top non-repeatable levels by time:
     D:4: 982 daAuts
     D:3: 910 daAuts
     D:1: 743 daAuts
     D:2: 403 daAuts
     D:5: 74 daAuts
